 Dungeon Crawl Stone Soup version 0.28-a0-851-g8b9cc49659 (webtiles) character file.

Game seed: 8421270381580225056

20501 pokeman the Eclecticist (level 12, -7/67 HPs)
             Began as a Deep Elf Hedge Wizard on Nov 14, 2021.
             Was a Priest of Vehumet.
             Mangled by a hog (8 damage)
             ... led by Kirke
             ... on level 12 of the Dungeon on Nov 15, 2021.
             The game lasted 00:48:06 (18201 turns).

pokeman the Eclecticist (Deep Elf Hedge Wizard)    Turns: 18201, Time: 00:48:07

Health: -7/67      AC:  0    Str:  7    XL:     12   Next: 45%
Magic:  35/35      EV: 15    Int: 25    God:    Vehumet [***...]
Gold:   875        SH:  0    Dex: 14    Spells: 21/45 levels left

rFire   . . .      SeeInvis .   (weapon currently unavailable)
rCold   . . .      Faith    .   (shield currently unavailable)
rNeg    . . .      Spirit   .   (armour currently unavailable)
rPois   .          Reflect  .   (helmet currently unavailable)
rElec   .          Harm     .   (cloak currently unavailable)
rCorr   .          Rampage  .   (gloves currently unavailable)
Will    +....                   (boots currently unavailable)
Stlth   ++........              (no amulet)
HPRegen 0.21/turn               (ring currently unavailable)
MPRegen 0.24/turn               (ring currently unavailable)

@: brilliant, pig-form, unable to read, very quick
A: fast, no casting, small, inability to read while threatened
a: Renounce Religion


You were on level 12 of the Dungeon.
You worshipped Vehumet.
Vehumet was most pleased with you.
You were a filthy swine.
You visited 2 branches of the dungeon, and saw 14 of its levels.
You also visited: Ossuary.

You collected 875 gold pieces.

Inventory:

Hand Weapons
 e - a +0 arbalest
 q - a +2 flail of draining (melded)
 J - a +4 quarterstaff of chaos
 O - a +0 shortbow
Missiles
 h - 169 arrows
 l - 50 bolts
 B - 3 throwing nets
Armour
 n - a +0 leather armour
 p - a +1 robe of resistance
 G - a +0 pair of gloves (melded)
 H - a +0 pair of boots (melded)
 K - a +0 cloak (melded)
 U - a +1 hat (melded)
 V - +0 acid dragon scales (melded)
 W - a +0 troll leather armour
Magical Staves
 X - a staff of cold
Jewellery
 A - a ring of poison resistance (melded)
 E - a +6 ring of dexterity
 P - the ring "Vimonula" (melded) {rF+ rC+}
   (You found it on level 7 of the Dungeon)

   [ring of protection from cold]

   rF:        It protects you from fire.
   rC:        It protects you from cold.
 T - the ring of Symmetry {rCorr EV+4 Dex+4}
   (You found it on level 10 of the Dungeon)

   [ring of evasion]

   EV:        It affects your evasion (+4).
   Dex:       It affects your dexterity (+4).
   rCorr:     It protects you from acid and corrosion.
Wands
 c - a wand of paralysis (7)
 x - a wand of digging (7)
 F - a wand of iceblast (24)
 I - a wand of flame (17)
 N - a wand of mindburst (10)
Scrolls
 f - 4 scrolls of immolation
 g - a scroll of enchant armour
 j - 3 scrolls of holy word
 m - 8 scrolls of teleportation
 o - a scroll of summoning
 t - 2 scrolls of enchant weapon
 w - a scroll of fog
 y - 2 scrolls of vulnerability {unknown}
 z - 3 scrolls of amnesia {unknown}
 C - 3 scrolls of silence {unknown}
 Q - 4 scrolls of magic mapping {unknown}
 R - a scroll of acquirement {unknown}
 S - 3 scrolls of noise {unknown}
Potions
 a - 6 potions of curing
 b - a potion of might {unknown}
 i - 4 potions of brilliance
 k - a potion of heal wounds {unknown}
 r - 2 potions of cancellation {unknown}
 s - a potion of attraction {unknown}
 u - 2 potions of resistance {unknown}
 v - 3 potions of haste {unknown}
 D - a potion of flight {unknown}
 L - 3 potions of degeneration {unknown}
 M - a potion of mutation {unknown}


   Skills:
 + Level 4.7 Fighting
 - Level 4.0 Armour
 - Level 3.2 Dodging
 - Level 3.0 Stealth
 - Level 4.0 Shields
 * Level 17.1 Spellcasting
 + Level 10.1 Conjurations
 - Level 1.1 Summonings
 - Level 1.1 Translocations
 + Level 10.3 Fire Magic
 - Level 1.0 Ice Magic
 - Level 1.0 Air Magic
 - Level 1.0 Poison Magic
 - Level 1.1 Evocations


You had 21 spell levels left.
You knew the following spells:

 Your Spells              Type           Power      Damage    Failure   Level
a - Magic Dart            Conj           100%       1d8       1%          1
b - Mephitic Cloud        Conj/Pois/Air  58%        N/A       1%          3
c - Call Imp              Summ           40%        N/A       2%          2
d - Blink                 Tloc           80%        N/A       2%          2
e - Conjure Flame         Conj/Fire      83%        6-21      1%          3
f - Shock                 Conj/Air       100%       1d9       1%          1
g - Fireball              Conj/Fire      41%        3d17      1%          5
h - Orb of Destruction    Conj           41%        9d14      9%          7

Your spell library contained the following spells:

 Spells                   Type           Power      Damage    Failure   Level
 Fulminant Prism          Conj/Hex       31%        3d16      1%          4
 Apportation              Tloc           80%        N/A       1%          1
 Iskenderun's Battlesphe  Conj           83%        2d13      1%          5
 Slow                     Hex            100%       N/A       2%          1
 Swiftness                Air            40%        N/A       4%          3
 Airstrike                Air            20%        N/A       4%          4
 Confusing Touch          Hex            32%        N/A       7%          3
 Conjure Ball Lightning   Conj/Air       32%        3x3d10    11%         6
 Iron Shot                Conj/Erth      31%        9d6       12%         6
 Yara's Violent Unravell  Hex/Tmut       16%        3d8       17%         5
 Animate Armour           Summ/Erth      72%        N/A       19%         4
 Animate Dead             Necr           16%        N/A       24%         4
 Alistair's Intoxication  Tmut/Pois      23%        N/A       47%         5
 Blade Hands              Tmut           16%        N/A       54%         5
 Borgnjor's Vile Clutch   Necr/Erth      16%        N/A       54%         5
 Death Channel            Necr           16%        N/A       98%         6


Dungeon Overview and Level Annotations

Branches:
Dungeon (13/15)            Temple (1/1) D:5            Lair (0/6) D:9
    Orc (0/2) D:11        Ossuary (visited)
 Vaults: D:13-14

Altars:
Ashenzari
Cheibriados
Dithmenos
Elyvilon
Fedhas
Gozag
Hepliaklqana
Kikubaaqudgha
Makhleb
Nemelex Xobeh
Okawaru
Qazlal
Ru
Sif Muna
Trog
Uskayaw
Vehumet
Wu Jian
Xom
Yredelemnul
Zin
The Shining One

Shops:
D:3 (=   D:8 *

Annotations:
D:12 Snorg
D:13 Kirke


Innate Abilities, Weirdness & Mutations

You are a filthy swine.
You move quickly.
Your equipment is almost entirely melded.
You are incapable of wielding weapons or throwing items.
You cannot cast spells.
You sometimes lose the ability to read scrolls when taking damage.


Message History

There is an entrance to a bailey on this level.
Hurry and find it before the portal closes forever!
Level annotation: Kirke, Snorg You hear the faint creaking of a very distant portcullis.
Kirke shouts!
Snorg shouts!
The hog squeals angrily.
You hear an angry buzzing noise. x2
The hog closely misses you. Kirke gestures at you while chanting.
You turn into a filthy swine.
Your +2 flail of draining melds into your body.
Your +0 cloak melds into your body.
Your +1 hat melds into your body.
Your +0 pair of gloves melds into your body.
Your +0 pair of boots melds into your body.
Your +0 acid dragon scales melds into your body.
Your ring of poison resistance melds into your body.
The ring "Vimonula" {rF+ rC+} melds into your body.
The hog closely misses you.
There is a stone staircase leading up here.
Unknown command.
The hog misses you.
The boulder beetle curls into a ball and begins rolling!
The hog bites you!
You feel threatened and lose the ability to read scrolls!
Snorg goes berserk!
The hog barely misses you.
You climb upwards.
There is a stone staircase leading down here.
You can't do that in your present form.
Drop what? 49/52 slots (_ for help) (? for menu, Esc to quit)
Okay, then.
Unknown command.
You can't do that in your present form.
You can't do that in your present form.
You barely miss the hog. The hog bites you. Snorg bites you!
Snorg barely misses you. Snorg claws you!!
* * * LOW HITPOINT WARNING * * *
The hog closely misses you.
Unknown command.
It was a potion of brilliance.
You feel clever all of a sudden. The hog bites you!
You die...

#.# #.# # #.# #########.# #
###.# #..>......# # #...#
#.######### # #.### #.# # #.#
#.# # #### #.# #.# # ...#
#.########.# .#.# #.##...hhh.#
.#.######.##.####T.#
...................#
##.######.##.####.## ########
#.######.##.####.## #.......
#............##...#######.######
#..#####.<..^...#.........# #.[#
#.##..##...############## #..#
#.##..####.# #......


You could see Snorg (berserk) and 2 hogs.

Vanquished Creatures
  A boulder beetle (D:11)
  Fannar (D:12)
  6 two-headed ogres
  A centaur warrior (D:13)
  The ghost of cheechan the Quickloader, a novice OpHu of Gozag (D:8)
  An ugly thing (D:11)
  2 cyclopes
  A manticore (D:12)
  Maurice (D:8)
  Joseph (D:7)
  2 kobold demonologists (D:12)
  A komodo dragon (D:11)
  4 trolls
  A hornet (D:9)
  3 slime creatures
  A snapping turtle (shapeshifter) (D:11)
  Sigmund (D:3)
  4 hogs (D:13)
  13 yaks
  6 wraiths
  2 vampire mosquitoes (D:12)
  Menkaure (D:7)
  2 acid dragons
  2 water moccasins
  4 orc warriors
  5 sky beasts
  2 ice beasts
  4 ogres
  5 wolves (D:9)
  A phantom (D:6)
  A centaur (D:7)
  5 kobold brigands
  A gnoll sergeant (D:10)
  4 bullfrogs
  3 scorpions
  A hornet simulacrum (D:13)
  A water moccasin skeleton (D:4)
  5 killer bees (D:7)
  A howler monkey (D:5)
  2 electric eels (D:9)
  7 centaur zombies
  5 hounds
  10 orc priests
  A bullfrog skeleton (D:5)
  2 gnoll shamans (D:7)
  3 human zombies (Ossuary)
  Crazy Yiuf (D:4)
  A jelly (D:6)
  An iguana (D:5)
  9 orc wizards
  2 mummies (Ossuary)
  15 gnolls
  7 adders
  2 white imps
  2 ufetubi (D:5)
  An adder skeleton (D:4)
  3 dart slugs
  52 orcs
  3 ball pythons
  8 endoplasms
  7 giant cockroaches
  11 goblins
  9 hobgoblins
  11 jackals
  7 quokkas
  3 bats (D:1)
  4 frilled lizards (D:3)
  2 goblin zombies (Ossuary)
  13 hobgoblin zombies (Ossuary)
  3 jackal zombies (Ossuary)
  12 kobolds
  5 kobold zombies (Ossuary)
  8 orc zombies (Ossuary)
  6 rats
  A rat zombie (Ossuary)
341 creatures vanquished.

Vanquished Creatures (collateral kills)
  2 killer bees (D:7)
  An adder (D:3)
  A worm (D:3)
  2 orcs (D:11)
6 creatures vanquished.

Vanquished Creatures (others)
  An electric eel (D:9)
1 creature vanquished.

Grand Total: 348 creatures vanquished

Notes
Turn   | Place    | Note
-------+----------+-------------------------------------------
     0 | D:1      | pokeman the Deep Elf Hedge Wizard began the quest for the
                  | Orb.
     0 | D:1      | Reached XP level 1. HP: 10/10 MP: 7/7
   512 | D:1      | Reached XP level 2. HP: 14/15 MP: 6/9
  1164 | D:1      | Found a faded altar of an unknown god.
  1227 | D:1      | Reached skill level 5 in Spellcasting
  1347 | D:1      | Reached XP level 3. HP: 20/20 MP: 3/11
  1351 | D:1      | Learned a level 3 spell: Mephitic Cloud
  1354 | D:1      | Learned a level 2 spell: Call Imp
  1357 | D:1      | Learned a level 2 spell: Blink
  1361 | D:1      | Learned a level 3 spell: Conjure Flame
  1965 | D:2      | Reached skill level 1 in Armour
  2329 | D:2      | Reached skill level 1 in Fighting
  2984 | D:2      | Reached XP level 4. HP: 25/25 MP: 8/13
  3208 | D:3      | Found Muterom's Jewellery Shoppe.
  3426 | D:3      | Found Kono's Weapon Boutique.
  3931 | D:3      | Found a hazy altar of Hepliaklqana.
  3931 | D:3      | Noticed a kobold brigand
  3960 | D:3      | Killed a kobold brigand
  3961 | D:3      | Reached skill level 1 in Shields
  3961 | D:3      | Reached skill level 6 in Spellcasting
  3961 | D:3      | Reached XP level 5. HP: 20/29 MP: 4/15
  4068 | D:3      | Found a faded altar of an unknown god.
  4254 | D:3      | Noticed Sigmund
  4386 | D:3      | Killed Sigmund
  4387 | D:3      | Reached XP level 6. HP: 31/34 MP: 11/17
  5021 | D:4      | Found a sand-covered staircase.
  5026 | Ossuary  | Entered an ossuary
  5239 | Ossuary  | Reached skill level 1 in Air Magic
  5248 | Ossuary  | Reached XP level 7. HP: 30/38 MP: 17/19
  5261 | Ossuary  | Reached skill level 7 in Spellcasting
  5642 | Ossuary  | Reached skill level 1 in Poison Magic
  6223 | D:4      | Found a bloodstained altar of Trog.
  6290 | D:4      | Reached skill level 8 in Spellcasting
  6397 | D:4      | Found a blossoming altar of Fedhas.
  6438 | D:4      | Found a runed translucent door.
  6439 | D:4      | Noticed Crazy Yiuf
  6540 | D:4      | Reached XP level 8. HP: 23/44 MP: 12/22
  6777 | D:4      | You fall into a shaft and drop 3 floors!
  6796 | D:6      | Reached skill level 1 in Evocations
  7107 | D:5      | Entered Level 5 of the Dungeon
  7227 | D:5      | Learned a level 5 spell: Fireball
  7235 | D:5      | Learned a level 7 spell: Orb of Destruction
  7434 | D:5      | Reached skill level 9 in Spellcasting
  7434 | D:5      | Reached skill level 5 in Fire Magic
  7862 | D:5      | Found a staircase to the Ecumenical Temple.
  7868 | Temple   | Entered the Ecumenical Temple
  7875 | Temple   | Became a worshipper of Vehumet
  8156 | D:5      | Reached skill level 5 in Conjurations
  8613 | D:6      | Learned a level 1 spell: Shock
  8627 | D:6      | Reached skill level 10 in Spellcasting
  9054 | D:6      | Reached XP level 9. HP: 48/48 MP: 21/25
  9440 | D:4      | Found a glowing silver altar of Zin.
  9711 | D:4      | Killed Crazy Yiuf
 10138 | D:7      | Reached * piety under Vehumet
 10138 | D:7      | Offered knowledge of Sandblast by Vehumet.
 10376 | D:7      | Reached skill level 11 in Spellcasting
 10574 | D:7      | Noticed Menkaure
 10583 | D:7      | Killed Menkaure
 10795 | D:7      | Noticed Joseph
 10817 | D:7      | Killed Joseph
 10948 | D:7      | Reached skill level 12 in Spellcasting
 11163 | D:7      | Identified the ring "Vimonula" {rF+ rC+}
 11292 | D:8      | Noticed Maurice
 11295 | D:8      | Found Cawyeth's Demolitions Depot.
 11320 | D:8      | Killed Maurice
 11321 | D:8      | Reached XP level 10. HP: 51/53 MP: 18/28
 11520 | D:8      | Found a runed translucent gate.
 11520 | D:8      | Found a runed translucent gate.
 11523 | D:8      | Found a runed translucent gate.
 12141 | D:8      | Offered knowledge of Static Discharge by Vehumet.
 12460 | D:8      | Noticed cheechan's ghost (novice OpHu)
 12526 | D:8      | Killed cheechan's ghost
 12527 | D:8      | Reached skill level 13 in Spellcasting
 12751 | D:9      | Reached ** piety under Vehumet
 13139 | D:9      | Found a staircase to the Lair.
 13450 | D:9      | Noticed a two-headed ogre
 13462 | D:9      | Killed a two-headed ogre
 13463 | D:9      | Reached skill level 14 in Spellcasting
 13568 | D:9      | Noticed a two-headed ogre
 13595 | D:9      | Killed a two-headed ogre
 13596 | D:9      | Reached XP level 11. HP: 57/57 MP: 14/31
 13774 | D:9      | Noticed a two-headed ogre
 13797 | D:9      | Killed a two-headed ogre
 13974 | D:10     | Entered Level 10 of the Dungeon
 14045 | D:10     | Identified the ring of Symmetry {rCorr EV+4 Dex+4}
 14097 | D:10     | Noticed a two-headed ogre
 14102 | D:10     | Killed a two-headed ogre
 14530 | D:10     | Reached skill level 15 in Spellcasting
 14596 | D:10     | Noticed a two-headed ogre
 14633 | D:10     | Killed a two-headed ogre
 14999 | D:11     | Noticed a boulder beetle
 15016 | D:11     | Offered knowledge of Poisonous Vapours by Vehumet.
 15022 | D:11     | Killed a boulder beetle
 15178 | D:11     | Found a staircase to the Orcish Mines.
 15356 | D:11     | Noticed a shining eye
 15357 | D:11     | Gained mutation: You sometimes lose the ability to read
                  | scrolls when taking damage. [a shining eye]
 15367 | D:11     | a shining eye changed into a snapping turtle
 15608 | D:11     | Noticed a brown ugly thing
 15620 | D:11     | Killed a brown ugly thing
 15949 | D:11     | Reached skill level 16 in Spellcasting
 16397 | D:12     | Reached *** piety under Vehumet
 16398 | D:12     | Reached XP level 12. HP: 52/66 MP: 8/34
 16616 | D:12     | Noticed Fannar
 16623 | D:12     | Killed Fannar
 17003 | D:12     | Noticed a two-headed ogre
 17177 | D:12     | Killed a two-headed ogre
 17178 | D:12     | Reached skill level 10 in Fire Magic
 17178 | D:12     | Reached skill level 1 in Ice Magic
 17386 | D:12     | Offered knowledge of Fulminant Prism by Vehumet.
 17425 | D:12     | Reached skill level 10 in Conjurations
 18034 | D:13     | Noticed Kirke
 18037 | D:13     | Noticed Snorg
 18038 | D:13     | Reached skill level 17 in Spellcasting
 18039 | D:13     | Noticed a boulder beetle
 18082 | D:13     | Noticed a centaur warrior
 18083 | D:13     | Noticed a centaur warrior
 18089 | D:13     | Killed a centaur warrior
 18200 | D:12     | HP: 1/67 [Snorg (22)]
 18201 | D:12     | Mangled by a hog

Illustrated notes

Levels and vault maps discovered:
D:1:      minmay_arrival_five_plusses, layout_loops_corners,
          ebering_ecumenical_altar_ruins, minmay_tetromino_o4
D:2:      layout_basic, skrybe_limestone_x
D:3:      layout_loops_corners, beargit_hepliaklqana_dungeon_heroes,
          serial_shops, shop_statue, shop, serial_bayou_pond_e, uniq_sigmund
D:4:      minmay_door_path, layout_basic, nicolae_overflow_crystal_walls,
          grunt_temple_overflow_open, enter_ossuary_5, minmay_ruptured,
          uniq_crazy_yiuf_cottage
D:5:      layout_loops_ring, minmay_temple_entry_fiery
D:6:      layout_cave_pools, grunt_ministairs_14, lemuel_flame_loot_1
D:7:      layout_gridville, uniq_menkaure, uniq_joseph
D:8:      layout_basic, gammafunk_ghost_spectres, nicolae_blasting_shop,
          uniq_maurice
D:9:      layout_basic, erik_lair_island, amcnicky_mini_pool_small
D:10:     layout_irregular_city, minmay_tree_intersection, grunt_decor_junction,
          nicolae_two_hexagons
D:11:     layout_loops_ring, hiddenorc1_lemuel, hangedman_decor_opposing
D:12:     layout_loops_ring, uniq_fannar
D:13:     layout_cave_pools, serial_rivers, chequers_serial_rivers_micro_e,
          chequers_serial_rivers_small_3, chequers_serial_rivers_room_a,
          chequers_serial_rivers_large_b, chequers_serial_rivers_micro_e,
          enter_bailey_2, evilmike_butchery, uniq_kirke, uniq_snorg
Temple:   nicolae_temple_no_exploring_needed

Skill      XL: |  1  2  3  4  5  6  7  8  9 10 11 12 |
---------------+-------------------------------------+-----
Spellcasting   | 5 6 8 10 12 14 16 17 | 17.1
Armour         | 1 2 3 4 |  4.0
Fighting       | 1 2 3 4 |  4.7
Conjurations   | 2 3 4 5 6 8 9 10 | 10.1
Dodging        | 3 |  3.2
Shields        | 1 2 3 4 |  4.0
Fire Magic     | 3 4 5 7 8 9 10 | 10.3
Stealth        | 3 |  3.0
Air Magic      | 1 |  1.0
Poison Magic   | 1 |  1.0
Evocations     | 1 |  1.1
Ice Magic      | 1 |  1.0
Summonings     | |  1.1
Translocations | |  1.1

Action                   |  1- 3 |  4- 6 |  7- 9 | 10-12 || total
-------------------------+-------+-------+-------+-------++-------
Melee: Dagger            |     6 |    23 |       |       ||    29
       Flail             |       |    37 |   105 |    98 ||   240
       Unarmed           |       |       |       |     1 ||     1
 Cast: Magic Dart        |   129 |    73 |   236 |    26 ||   464
       Call Imp          |       |     2 |     2 |     7 ||    11
       Mephitic Cloud    |       |     6 |    33 |    33 ||    72
       Conjure Flame     |       |    10 |    21 |    32 ||    63
       Shock             |       |       |    36 |    61 ||    97
       Blink             |       |       |     4 |     5 ||     9
       Fireball          |       |       |     3 |    91 ||    94
Evoke: Wand              |       |       |       |     3 ||     3
  Use: Scroll            |       |       |       |     7 ||     7
       Potion            |       |       |       |     1 ||     1
 Stab: Confused          |       |     2 |     8 |     8 ||    18
       Sleeping          |       |       |     4 |       ||     4
Armor: Robe              |     6 |       |       |       ||     6
       Leather armour    |       |    13 |    38 |    42 ||    93
       Acid dragon scale |       |       |       |    14 ||    14
Dodge: Dodged            |    18 |    38 |    98 |   102 ||   256

Table legend: (Time is in decaauts)
 A = Elapsed time spent in this place.
 B = Non-inter-level travel time spent in this place.
 C = Inter-level travel time spent in this place.
 D = Time resting spent in this place.
 E = Time spent auto-exploring this place.
 F = Levels seen in this place.
 G = Mean time per level.
                   A        B        C        D        E       F      G
               +--------+--------+--------+--------+--------+-----+--------+
         Total |  18317 |  17500 |    817 |   1446 |  13179 |  15 | 1221.1 |
       Dungeon |  17567 |  16756 |    811 |   1198 |  12988 |  13 | 1351.3 |
        Temple |     14 |      8 |      6 |      0 |      0 |   1 |   14.0 |
       Ossuary |    735 |    735 |      0 |    248 |    191 |   1 |  735.0 |
               +--------+--------+--------+--------+--------+-----+--------+

Top non-repeatable levels by time:
     D:3: 1988 daAuts
     D:1: 1820 daAuts
    D:11: 1807 daAuts
     D:5: 1507 daAuts
     D:8: 1486 daAuts
     D:4: 1457 daAuts
    D:12: 1441 daAuts
     D:2: 1390 daAuts
     D:7: 1359 daAuts
     D:9: 1229 daAuts
     D:6: 1068 daAuts
    D:10: 993 daAuts
 Ossuary: 735 daAuts
    D:13: 17 daAuts
  Temple: 14 daAuts
